3AAA
BLOOMINGTON LONGNECKS @ HAMILTON COYOTES
07/11/2025
 
TOP OF THE 1ST
Bloomington Longnecks batting - Pitching for Hamilton Coyotes : LHP Earl Brown
Pitching: LHP Earl Brown
Batting: RHB Roland Deschain 0-0: Foul Ball, location: 2F
0-1: Ball
1-1: Swinging Strike
1-2: Strikes out swinging
Batting: RHB Sergio Cortéz 0-0: Ball
1-0: Ball
2-0: Called Strike
2-1: Ball
3-1: Fly out, F9 (Flyball, 9LS)
Batting: RHB Darrell Terwey 0-0: Called Strike
0-1: Ground out 6-3 (Groundball, 6)
Top of the 1st over - 0 run(s), 0 hit(s), 0 error(s), 0 left on base; Bloomington 0 - Hamilton 0
BOTTOM OF THE 1ST
Hamilton Coyotes batting - Pitching for Bloomington Longnecks : RHP Dustin Richmond
Pitching: RHP Dustin Richmond
Batting: RHB Ron Clark 0-0: Foul Ball, location: 2F
0-1: Ball
1-1: Ball
2-1: Ball
3-1: Swinging Strike
3-2: Base on Balls
Batting: RHB Jesús Soto 0-0: Foul Ball, location: 2F
0-1: Ball
1-1: Ball
2-1: Ball
3-1: Foul Ball, location: 2F
3-2: Foul Ball, location: 2F
3-2: Grounds into double play, 5-4-3 (Groundball, 56)
Batting: RHB Paddy Hodnett 0-0: Ball
1-0: Fly out, F7 (Flyball, 7LM)
Bottom of the 1st over - 0 run(s), 0 hit(s), 0 error(s), 0 left on base; Bloomington 0 - Hamilton 0
TOP OF THE 2ND
Bloomington Longnecks batting - Pitching for Hamilton Coyotes : LHP Earl Brown
Batting: RHB Ethan Miller 0-0: Ball
1-0: Called Strike
1-1: Foul Ball, location: 2F
1-2: Foul Ball, location: 2F
1-2: Ball
2-2: Foul Ball, location: 2F
2-2: Reached on error, E5 (Groundball, 56)
Batting: RHB Raúl Delgado 0-0: Called Strike
0-1: Ball
1-1: Ball
2-1: Fly out, F6 (Popup, 6D)
Batting: RHB Micheal Murdoch 0-0: Swinging Strike
0-1: Foul Ball, location: 2F
0-2: Ball
1-2: Foul Ball, location: 2F
1-2: SINGLE (Groundball, 56D)
Ethan Miller to third
Batting: RHB Aurelio Vázquez 0-0: Called Strike
0-1: Ball
1-1: Swinging Strike
1-2: Ball
2-2: SINGLE (Line Drive, 89S)
Ethan Miller scores
Micheal Murdoch to second
Batting: LHB Felipe López 0-0: Swinging Strike
0-1: Called Strike
0-2: Ball
1-2: Strikes out swinging
Batting: LHB Gonzalo López 0-0: Ball
1-0: Swinging Strike
1-1: Ball
2-1: Foul Ball, location: 2F
2-2: Foul Ball, location: 2F
2-2: SINGLE (Groundball, 4D)
Micheal Murdoch to third
Aurelio Vázquez to second
Runner from 3rd tries for Home, SAFE, no throw
Batting: RHB Roland Deschain 0-0: Fielders Choice at 2nd, 5-4 (Groundball, 56)
Top of the 2nd over - 2 run(s), 3 hit(s), 1 error(s), 1 left on base; Bloomington 2 - Hamilton 0
BOTTOM OF THE 2ND
Hamilton Coyotes batting - Pitching for Bloomington Longnecks : RHP Dustin Richmond
Batting: RHB Jon Erickson 0-0: Ball
1-0: Foul Ball, location: 2F
1-1: Ball
2-1: Called Strike
2-2: Fly out, F7 (Flyball, 7LS)
Batting: RHB Dan Bernard 0-0: Ground out 1-5-3 (Groundball, 15S)
Batting: RHB Monty Sharp 0-0: Called Strike
0-1: Ball
1-1: Ball
2-1: Ground out 1-3 (Groundball, P)
Bottom of the 2nd over - 0 run(s), 0 hit(s), 0 error(s), 0 left on base; Bloomington 2 - Hamilton 0
TOP OF THE 3RD
Bloomington Longnecks batting - Pitching for Hamilton Coyotes : LHP Earl Brown
Batting: RHB Sergio Cortéz 0-0: Ball
1-0: Fly out, F9 (Line Drive, 9)
Batting: RHB Darrell Terwey 0-0: Ball
1-0: Foul Ball, location: 2F
1-1: Swinging Strike
1-2: Ball
2-2: SINGLE (Line Drive, 7S)
Batting: RHB Ethan Miller 0-0: Foul Ball, location: 2F
0-1: Ball
1-1: Ball
2-1: Ball
3-1: Swinging Strike
3-2: Foul Ball, location: 2F
3-2: Fly out, F8 (Flyball, 78XD)
Batting: RHB Raúl Delgado 0-0: Ball
1-0: Ball
2-0: Ball
3-0: Called Strike
3-1: Base on Balls
Darrell Terwey to second
Batting: RHB Micheal Murdoch 0-0: Ball
1-0: Ball
2-0: Ball
3-0: Base on Balls
Darrell Terwey to third
Raúl Delgado to second
Batting: RHB Aurelio Vázquez 0-0: Foul Ball, location: 2F
0-1: Called Strike
0-2: Fielders Choice at 2nd, 5-4 (Groundball, 5)
Top of the 3rd over - 0 run(s), 1 hit(s), 0 error(s), 2 left on base; Bloomington 2 - Hamilton 0
BOTTOM OF THE 3RD
Hamilton Coyotes batting - Pitching for Bloomington Longnecks : RHP Dustin Richmond
Batting: LHB Lance Schiffer 0-0: SINGLE (Groundball, 4MD)
Batting: RHB Sam Horton 0-0: Called Strike
0-1: Ball
1-1: Ball
2-1: Foul Ball, location: 2F
2-2: SINGLE (Line Drive, 8LS)
Lance Schiffer to second
Runner from 2nd tries for 3rd, SAFE, throw made to third
Batting: RHB Anthony Trujillo 0-0: Ball
1-0: Foul Ball, location: 2F
1-1: Called Strike
1-2: Strikes out swinging
Batting: RHB Ron Clark 0-0: Called Strike
0-1: Ball
1-1: Ball
2-1: Ball
3-1: Base on Balls
Sam Horton to second
Batting: RHB Jesús Soto 0-0: Called Strike
0-1: Ball
1-1: Ball
2-1: Ball
3-1: Base on Balls
Lance Schiffer scores
Sam Horton to third
Ron Clark to second
Batting: RHB Paddy Hodnett 0-0: Called Strike
0-1: Ball
1-1: Swinging Strike
1-2: Fly out, F3 (Popup, 34)
Batting: RHB Jon Erickson 0-0: Ball
1-0: Ball
2-0: Ball
3-0: Base on Balls
Sam Horton scores
Ron Clark to third
Jesús Soto to second
Batting: RHB Dan Bernard 0-0: Fly out, F3 (Line Drive, 3L)
Bottom of the 3rd over - 2 run(s), 2 hit(s), 0 error(s), 3 left on base; Bloomington 2 - Hamilton 2
TOP OF THE 4TH
Bloomington Longnecks batting - Pitching for Hamilton Coyotes : LHP Earl Brown
Batting: LHB Felipe López 0-0: Ball
1-0: Swinging Strike
1-1: Ground out 3-1 (Groundball, 34)
Batting: LHB Gonzalo López 0-0: Ball
1-0: Ground out 4-3 (Groundball, 34)
Batting: RHB Roland Deschain 0-0: Called Strike
0-1: Swinging Strike
0-2: Fly out, F9 (Flyball, 9LM)
Top of the 4th over - 0 run(s), 0 hit(s), 0 error(s), 0 left on base; Bloomington 2 - Hamilton 2
BOTTOM OF THE 4TH
Hamilton Coyotes batting - Pitching for Bloomington Longnecks : RHP Dustin Richmond
Batting: RHB Monty Sharp 0-0: Called Strike
0-1: Ball
1-1: Swinging Strike
1-2: Foul Ball, location: 2F
1-2: Strikes out looking
Batting: LHB Lance Schiffer 0-0: Ball
1-0: Ball
2-0: Swinging Strike
2-1: Ball
3-1: Foul Ball, location: 2F
3-2: Foul Ball, location: 2F
3-2: Strikes out swinging
Batting: RHB Sam Horton 0-0: Ball
1-0: Ground out 4-3 (Groundball, 4M)
Bottom of the 4th over - 0 run(s), 0 hit(s), 0 error(s), 0 left on base; Bloomington 2 - Hamilton 2
TOP OF THE 5TH
Bloomington Longnecks batting - Pitching for Hamilton Coyotes : LHP Earl Brown
Batting: RHB Sergio Cortéz 0-0: Ground out 5-3 (Groundball, 56S)
Batting: RHB Darrell Terwey 0-0: Called Strike
0-1: Ball
1-1: Ball
2-1: Ball
3-1: Base on Balls
Batting: RHB Ethan Miller 0-0: Ball
1-0: SINGLE (Flyball, 9LS)
Darrell Terwey to second
Runner from 2nd tries for 3rd, SAFE, no throw
Batting: RHB Raúl Delgado 0-0: Called Strike
0-1: Foul Ball, location: 2F
0-2: Foul Ball, location: 2F
0-2: Ball
1-2: Ball
2-2: Fly out, F7 (Flyball, 78M)
Runner from 3rd tags up, SCORES, no throw
Batting: RHB Micheal Murdoch 0-0: Ground out 5-3 (Groundball, 56S)
Top of the 5th over - 1 run(s), 1 hit(s), 0 error(s), 1 left on base; Bloomington 3 - Hamilton 2
BOTTOM OF THE 5TH
Hamilton Coyotes batting - Pitching for Bloomington Longnecks : RHP Dustin Richmond
Batting: RHB Anthony Trujillo 0-0: Ball
1-0: Ground out 5-3 (Groundball, 56)
Batting: RHB Ron Clark 0-0: Ball
1-0: Ball
2-0: Foul Ball, location: 2F
2-1: SINGLE (Groundball, 6D)
Batting: RHB Jesús Soto 0-0: Ball
1-0: Ball
2-0: Ball
3-0: Base on Balls
Ron Clark to second
Batting: RHB Paddy Hodnett 0-0: Foul Ball, location: 2F
0-1: Ball
1-1: Swinging Strike
1-2: Ball
2-2: Hit by Pitch
Ron Clark to third
Jesús Soto to second
Batting: RHB Jon Erickson 0-0: Called Strike
0-1: Foul Ball, location: 2F
0-2: Strikes out swinging
Batting: RHB Dan Bernard 0-0: Called Strike
0-1: Foul Ball, location: 2F
0-2: SINGLE (Groundball, 4MD)
Ron Clark scores
Jesús Soto to third
Paddy Hodnett to second
Runner from 3rd tries for Home, SAFE, no throw
Batting: RHB Monty Sharp 0-0: Ball
1-0: DOUBLE (Groundball, 5L)
Paddy Hodnett scores
Dan Bernard to third
Runner from 3rd tries for Home, SAFE, no throw
Pitching: RHP Henry Hart
Batting: LHB Lance Schiffer 0-0: Foul Ball, location: 2F
0-1: Ball
1-1: Ground out 4-3 (Groundball, 4)
Bottom of the 5th over - 4 run(s), 3 hit(s), 0 error(s), 1 left on base; Bloomington 3 - Hamilton 6
TOP OF THE 6TH
Bloomington Longnecks batting - Pitching for Hamilton Coyotes : LHP Earl Brown
Batting: RHB Aurelio Vázquez 0-0: Foul Ball, location: 2F
0-1: Ball
1-1: Ball
2-1: Fly out, F4 (Line Drive, 4D)
Batting: LHB Felipe López 0-0: Ball
1-0: Ball
2-0: Called Strike
2-1: Swinging Strike
2-2: Ball
3-2: Strikes out swinging
Batting: LHB Gonzalo López 0-0: Ball
1-0: Foul Ball, location: 2F
1-1: Called Strike
1-2: Foul Ball, location: 2F
1-2: Ball
2-2: Foul Ball, location: 2F
2-2: Ball
3-2: Foul Ball, location: 2F
3-2: Fly out, F8 (Flyball, 8RM)
Top of the 6th over - 0 run(s), 0 hit(s), 0 error(s), 0 left on base; Bloomington 3 - Hamilton 6
BOTTOM OF THE 6TH
Hamilton Coyotes batting - Pitching for Bloomington Longnecks : RHP Henry Hart
Batting: RHB Sam Horton 0-0: Foul Ball, location: 2F
0-1: Ball
1-1: Ball
2-1: Ball
3-1: Foul Ball, location: 2F
3-2: Base on Balls
Batting: RHB Anthony Trujillo 0-0: Bunted foul
0-1: Sac Bunt - play at first, batter OUT! 1-4
Sam Horton to second
Batting: RHB Ron Clark 0-0: Ball
1-0: Ball
2-0: Ball
3-0: Called Strike
3-1: Base on Balls
Batting: RHB Jesús Soto 0-0: Foul Ball, location: 2F
0-1: Ball
1-1: Ball
2-1: Grounds into double play, 4-6-3 (Groundball, 4)
Bottom of the 6th over - 0 run(s), 0 hit(s), 0 error(s), 1 left on base; Bloomington 3 - Hamilton 6
TOP OF THE 7TH
Bloomington Longnecks batting - Pitching for Hamilton Coyotes : LHP Earl Brown
Batting: RHB Roland Deschain 0-0: Called Strike
0-1: Ball
1-1: Swinging Strike
1-2: Ball
2-2: Foul Ball, location: 2F
2-2: Fly out, F8 (Flyball, 78M)
Pitching: LHP Bill Washington
Batting: RHB Sergio Cortéz 0-0: Ball
1-0: Called Strike
1-1: Foul Ball, location: 2F
1-2: SINGLE (Groundball, 56D)
Batting: RHB Darrell Terwey 0-0: Called Strike
0-1: Foul Ball, location: 2F
0-2: Ball
1-2: Fielders Choice at 2nd, 5-4 (Groundball, 5L)
Batting: RHB Ethan Miller 0-0: Called Strike
0-1: Called Strike
0-2: SINGLE (Groundball, 56D)
Darrell Terwey to second
Batting: RHB Raúl Delgado 0-0: Called Strike
0-1: Swinging Strike
0-2: Ball
1-2: Foul Ball, location: 2F
1-2: Ball
2-2: Ground out 6-3 (Groundball, 56)
Top of the 7th over - 0 run(s), 2 hit(s), 0 error(s), 2 left on base; Bloomington 3 - Hamilton 6
BOTTOM OF THE 7TH
Hamilton Coyotes batting - Pitching for Bloomington Longnecks : RHP Henry Hart
Batting: RHB Paddy Hodnett 0-0: Ball
1-0: Ball
2-0: Ground out 6-3 (Groundball, 6)
Batting: RHB Jon Erickson 0-0: SINGLE (Line Drive, 6MD)
Batting: RHB Dan Bernard 0-0: Foul Ball, location: 2F
0-1: Ball
1-1: Ball
2-1: Foul Ball, location: 2F
2-2: Fly out, F8 (Flyball, 8RM)
Batting: RHB Monty Sharp 0-0: SINGLE (Line Drive, 34D)
Jon Erickson to second
Batting: LHB Lance Schiffer 0-0: DOUBLE (Line Drive, 9LM)
Jon Erickson scores
Monty Sharp to third
Runner from 3rd tries for Home, SAFE, no throw
Pitching: LHP Juan Castro
Batting: RHB Sam Horton 0-0: Ground out 4-3 (Groundball, 4)
Bottom of the 7th over - 2 run(s), 3 hit(s), 0 error(s), 1 left on base; Bloomington 3 - Hamilton 8
TOP OF THE 8TH
Bloomington Longnecks batting - Pitching for Hamilton Coyotes : LHP Bill Washington
Now at SS: Bruce Hunt
Batting: RHB Micheal Murdoch 0-0: Fly out, F9 (Flyball, 9LS)
Batting: RHB Aurelio Vázquez 0-0: Ball
1-0: Ground out 1-3 (Groundball, 13S)
Batting: LHB Felipe López 0-0: Ball
1-0: Called Strike
1-1: SINGLE (Line Drive, 7LM)
Batting: LHB Gonzalo López 0-0: Foul Ball, location: 2F
0-1: Foul Ball, location: 2F
0-2: Ball
1-2: Fly out, F9 (Flyball, 89S)
Top of the 8th over - 0 run(s), 1 hit(s), 0 error(s), 1 left on base; Bloomington 3 - Hamilton 8
BOTTOM OF THE 8TH
Hamilton Coyotes batting - Pitching for Bloomington Longnecks : LHP Juan Castro
Batting: RHB Anthony Trujillo 0-0: Called Strike
0-1: Ball
1-1: Foul Ball, location: 2F
1-2: Ground out 3-1 (Groundball, 34)
Batting: RHB Ron Clark 0-0: Foul Ball, location: 2F
0-1: Ball
1-1: Ball
2-1: Ball
3-1: Foul Ball, location: 2F
3-2: Base on Balls
Batting: RHB Jesús Soto 0-0: Ball
1-0: Called Strike
1-1: Ball
2-1: Ball
3-1: Base on Balls
Ron Clark to second
Batting: RHB Paddy Hodnett 0-0: Called Strike
0-1: Called Strike
0-2: Ball
1-2: Ball
2-2: Grounds into double play, 6-4-3 (Groundball, 6)
Bottom of the 8th over - 0 run(s), 0 hit(s), 0 error(s), 1 left on base; Bloomington 3 - Hamilton 8
TOP OF THE 9TH
Bloomington Longnecks batting - Pitching for Hamilton Coyotes : LHP Bill Washington
Batting: RHB Roland Deschain 0-0: Called Strike
0-1: Ball
1-1: Ball
2-1: Fly out, F7 (Line Drive, 78M)
Batting: RHB Sergio Cortéz 0-0: Ball
1-0: Ball
2-0: Called Strike
2-1: Ball
3-1: Foul Ball, location: 2F
3-2: Strikes out swinging
Batting: RHB Darrell Terwey 0-0: Swinging Strike
0-1: Ball
1-1: SINGLE (Line Drive, 7S)
Batting: RHB Ethan Miller 0-0: Foul Ball, location: 2F
0-1: Fly out, F4 (Line Drive, 4)
Top of the 9th over - 0 run(s), 1 hit(s), 0 error(s), 1 left on base; Bloomington 3 - Hamilton 8
Friday, December 30th, 2016 - OOTP Baseball 17.12 Build 75